 Dungeon Crawl Stone Soup version 0.31-a0-1074-g0b22e4e0f1 (webtiles) character file.

Game seed: 5447481533732578078

868 Lobster4 the Mimic (level 8, -5/61 HPs)
             Began as a Merfolk Shapeshifter on Nov 30, 2023.
             Slain by a gnoll sergeant
             ... wielding a +0 spear
              (9 damage)
             ... on level 5 of the Dungeon.
             The game lasted 00:14:01 (4840 turns).

Lobster4 the Mimic (Merfolk Shapeshifter)           Turns: 4840, Time: 00:14:01

Health: -5/61      AC:  7    Str: 16    XL:     8   Next: 3%
Magic:  8/8        EV: 12    Int:  9    God:
Gold:   241        SH:  0    Dex: 14    Spells: 7/7 levels left

rFire   . . .        k - melded +0 dagger (venom)
rCold   . . .        (shield currently unavailable)
rNeg    + . .        i - +0 ring mail
rPois   .            t - +0 hat
rElec   .            p - +1 cloak
rCorr   .            (no gloves)
SInv    .            (no boots)
Will    .....        (no amulet)
Stlth   +            s - ring of positive energy
HPRegen 0.30/turn    (no ring)
MPRegen 0.11/turn

%: no passive effects
@: flux-form, glowing
A: glow, contaminating, (nimble swimmer 2), mertail
a: Begin Untransformation


You were on level 5 of the Dungeon.
You were something dangerously unstable.
You visited 1 branch of the dungeon, and saw 5 of its levels.

You collected 241 gold pieces.

Inventory:

Hand Weapons
 e - a +0 dagger
 g - a +3 sling
 j - a +2 spear of venom
 k - a +0 dagger of venom (melded)
 m - a +0 spear
Missiles
 h - 25 stones
 o - 9 poisoned darts (quivered)
Armour
 i - a +0 ring mail (worn)
 p - a +1 cloak (worn)
 t - a +0 hat (worn)
Jewellery
 s - a ring of positive energy (left hand)
 x - a ring of ice
Talismans
 c - a beast talisman
 d - a flux talisman (active)
Wands
 y - a wand of charming (8)
 z - a wand of flame (16)
Scrolls
 f - a scroll of teleportation
 A - a scroll of noise {unknown}
Potions
 a - a potion of mutation
 b - a potion of lignification
 l - 2 potions of enlightenment
 n - 4 potions of curing
 u - a potion of brilliance
 v - a potion of haste
 w - a potion of cancellation {unknown}


   Skills:
 + Level 4.6 Fighting
 + Level 3.8 Dodging
 + Level 5.6 Unarmed Combat
 * Level 8.4 Shapeshifting


You had 7 spell levels left.
You didn't know any spells.
Your spell library was empty.

Dungeon Overview and Level Annotations

Branches:
Dungeon (5/15)
 Temple: D:4-7

Altars:
Xom
Yredelemnul
Zin

Shops:
D:1 [

Annotations:
D:2 1 runed translucent door, Crazy Yiuf


Innate Abilities, Weirdness & Mutations

You are something dangerously unstable.
You glow with magical radiation, making you easy to see and hit.
Foes you strike become dangerously contaminated with magical radiation.
You are incapable of wielding weapons or throwing items.
((You are very nimble when in or above water. (Stealth+, EV+, Speed+++)))
Your lower body shifts to a powerful aquatic tail in water.


Message History

The phantom hits you.
The phantom blinks!
You blink.
You see here 6 gold pieces.
The phantom attacks as it pursues you! The phantom misses you.
The phantom attacks as it pursues you! The phantom hits you.
The phantom attacks as it pursues you! The phantom hits you.
The phantom blinks!
You blink.
You completely miss the phantom.
The phantom is severely damaged.
The gnoll hits you from afar with a +0 spear.
The phantom hits you but does no damage.
You hit the phantom.
The phantom glows dangerously bright.
The phantom is almost destroyed.
The gnoll barely misses you.
The phantom hits you but does no damage.
You hit the phantom.
The phantom shudders as magic cascades through it!!
You destroy the phantom!
The gnoll hits you with a +0 club. The gnoll barely misses you.
You have reached level 8!
The gnoll sergeant closely misses you. The gnoll attacks as it pursues you!
The gnoll barely misses you. The gnoll attacks as it pursues you!
The gnoll hits you from afar with a +0 spear.
* * * LOW HITPOINT WARNING * * *
The gnoll sergeant attacks as it pursues you!
The gnoll sergeant hits you from afar with a +0 spear.
* * * LOW HITPOINT WARNING * * *
The gnoll attacks as it pursues you! The gnoll barely misses you.
The gnoll sergeant barely misses you.
The gnoll sergeant attacks as it pursues you!
The gnoll sergeant hits you but does no damage.
The gnoll attacks as it pursues you! The gnoll misses you.
The gnoll sergeant attacks as it pursues you!
The gnoll sergeant hits you from afar with a +0 spear!
* * * LOW HITPOINT WARNING * * *
There is a stone staircase leading up here.
The gnoll hits you with a +0 club.
* * * LOW HITPOINT WARNING * * *
The gnoll sergeant hits you from afar with a +0 spear!
You die...

.#........#######....#####
.##..........##..........#
.............###.........#
...>......#........#.....#
.##รท......##...##.###..###
.###....#####...### #..# ..
##..###.ggg..## ##..## ..
##.......>#gg.###..#.#
#..#......g#####p#.#....###
#........[.#..#..........?##
#.................$............
........................#......
........................##.....
........................# ...#.
...PPP...PPP.........##.....#..
..P..P...P.PP........###..##. .
..P.PP...P.PP.!........ ......


You could see a gnoll sergeant and 4 gnolls.

Vanquished Creatures
  A phantom (D:5)
  3 scorpions
  A howler monkey (D:5)
  A hound (D:4)
  2 jellies (D:4)
  3 orc priests (D:4)
  An iguana (D:5)
  A scorpion zombie (D:3)
  4 orc wizards
  2 hound skeletons (D:3)
  4 gnolls
  5 adders
  2 white imps (D:5)
  6 adder skeletons (D:3)
  A worm (D:2)
  A dart slug (D:1)
  12 orcs
  7 ball pythons
  8 endoplasms
  6 giant cockroaches
  6 goblins
  4 hobgoblins
  5 jackals
  8 kobolds
  3 quokkas
  3 ball python skeletons (D:3)
  A ball python zombie (D:3)
  6 bats
  4 frilled lizards
  A giant cockroach zombie (D:3)
  A jackal zombie (D:3)
  A quokka skeleton (D:3)
  A quokka zombie (D:3)
  5 rats (D:2)
120 creatures vanquished.

Notes
Turn   | Place    | Note
-------+----------+-------------------------------------------
     0 | D:1      | Lobster4 the Merfolk Shapeshifter began the quest for the
                  | Orb.
     0 | D:1      | Reached XP level 1. HP: 15/15 MP: 1/1
    84 | D:1      | Reached XP level 2. HP: 21/21 MP: 2/2
   134 | D:1      | Found Ymat's Armour Boutique.
   512 | D:1      | Reached XP level 3. HP: 22/27 MP: 3/3
  1394 | D:2      | Reached skill level 5 in Shapeshifting
  1394 | D:2      | Reached XP level 4. HP: 31/33 MP: 4/4
  1737 | D:2      | Found a runed translucent door.
  1738 | D:2      | Noticed Crazy Yiuf
  1862 | D:3      | Reached XP level 5. HP: 23/39 MP: 5/5
  2133 | D:3      | Found a basalt altar of Yredelemnul.
  2244 | D:3      | Found a faded altar of an unknown god.
  2675 | D:3      | Found a glowing silver altar of Zin.
  2839 | D:4      | Reached skill level 6 in Shapeshifting
  2861 | D:4      | Found a shimmering altar of Xom.
  2966 | D:4      | Reached XP level 6. HP: 28/47 MP: 6/6
  3575 | D:4      | Reached skill level 7 in Shapeshifting
  3752 | D:4      | Reached XP level 7. HP: 33/53 MP: 7/7
  3861 | D:4      | Reached skill level 5 in Unarmed Combat
  4361 | D:5      | Entered Level 5 of the Dungeon
  4483 | D:5      | Reached skill level 8 in Shapeshifting
  4827 | D:5      | Reached XP level 8. HP: 19/61 MP: 8/8
  4840 | D:5      | Slain by a gnoll sergeant

Illustrated notes

Levels and vault maps discovered:
D:1:      elethiomel_arrival_infinity_welcomes_careful_drivers, layout_basic,
          serial_shops, shop
D:2:      layout_rooms, uniq_crazy_yiuf_cottage
D:3:      layout_basic, zin_statuary, lemuel_round_altar,
          hellmonk_ecumenical_altar_run_dry, serial_undead, serial_undead_d,
          serial_undead_d, serial_undead_b, serial_undead_d, serial_undead_e,
          serial_undead_d, serial_undead_a, serial_undead_f, serial_undead_e,
          serial_undead_f
D:4:      layout_loops_ring, xom_teletrap_fun
D:5:      layout_cave_pools, serial_park, serial_park_tiny_1,
          serial_park_square2, serial_park_avenue1

Skill      XL: |  1  2  3  4  5  6  7 |
---------------+----------------------+-----
Dodging        | 3 |  3.8
Fighting       | 2 3 4 |  4.6
Shapeshifting  | 5 6 7 8 |  8.4
Unarmed Combat | 4 5 |  5.6

Action                     |  1- 3 |  4- 6 |  7- 9 || total
---------------------------+-------+-------+-------++-------
  Melee: Unarmed           |     8 |       |    75 ||    83
         Punch             |     2 |     5 |     1 ||     8
         Dagger            |   127 |   217 |    22 ||   366
  Throw: Stone             |     2 |       |       ||     2
         Dart              |       |     9 |     5 ||    14
    Use: Scroll            |       |     6 |     5 ||    11
   Stab: Sleeping          |     1 |       |       ||     1
 Armour: Animal skin       |    27 |       |       ||    27
         Ring mail         |    35 |   125 |    70 ||   230
  Dodge: Dodged            |    91 |   120 |    65 ||   276
   Form: Beast             |       |     3 |       ||     3
                           |       |     2 |       ||     2
         Flux              |       |       |     1 ||     1

Table legend: (Time is in decaauts)
 A = Elapsed time spent in this place.
 B = Non-inter-level travel time spent in this place.
 C = Inter-level travel time spent in this place.
 D = Time resting spent in this place.
 E = Time spent auto-exploring this place.
 F = Levels seen in this place.
 G = Mean time per level.
                   A        B        C        D        E       F      G
               +--------+--------+--------+--------+--------+-----+--------+
         Total |   4831 |   4626 |    205 |    656 |   2698 |   5 |  966.2 |
       Dungeon |   4831 |   4626 |    205 |    656 |   2698 |   5 |  966.2 |
               +--------+--------+--------+--------+--------+-----+--------+

Top non-repeatable levels by time:
     D:4: 1459 daAuts
     D:1: 1235 daAuts
     D:3: 1127 daAuts
     D:2: 535 daAuts
     D:5: 472 daAuts
